 Dungeon Crawl Stone Soup version 0.28-a0-1493-g08698888e4 (webtiles) character file.

Game seed: 12219265765506909158

10081 funkygono the Arsonist (level 11, -3/81 HPs)
             Began as a Human Cinder Acolyte on Jan 12, 2022.
             Was a Priest of Ignis.
             Killed by the air
             ... invoked by Gastronok
              (11 damage)
             ... on level 11 of the Dungeon.
             The game lasted 00:24:00 (13185 turns).

funkygono the Arsonist (Human Cinder Acolyte)      Turns: 13185, Time: 00:24:01

Health: -3/81      AC: 15    Str: 19    XL:     11   Next: 86%
Magic:  6/24       EV: 27    Int: 15    God:    Ignis [***...]
Gold:   608        SH:  0    Dex:  8    Spells: 17/28 levels left

rFire   + . .      SeeInvis .   F - +5 scimitar
rCold   . . .      Faith    .   (no shield)
rNeg    . . .      Spirit   .   r - +2 troll leather armour {Pargi}
rPois   .          Reflect  .   h - +1 helmet
rElec   .          Harm     .   (no cloak)
rCorr   .          Rampage  .   (no gloves)
Will    +....                   n - +1 pair of boots
Stlth   +.........              j - amulet of the acrobat
HPRegen 1.03/turn               l - ring of willpower
MPRegen 0.19/turn               J - +4 ring of protection

@: acrobatic, slowed, very slow
A: no striking features
a: Renounce Religion, Fiery Armour, Foxfire Swarm, Rising Flame


You were on level 11 of the Dungeon.
You worshipped Ignis.
Ignis was most pleased with you.
You visited 1 branch of the dungeon, and saw 11 of its levels.
You also visited: Sewer.

You collected 608 gold pieces.

Inventory:

Hand Weapons
 a - a +0 falchion of flaming
 v - a +2 whip of freezing
 F - a +5 scimitar (weapon)
Missiles
 y - 3 throwing nets (quivered)
Armour
 b - a +0 buckler
 c - the +3 leather armour of Mifounorph {Drain rPois rCorr Str+4}
   (You found it on level 5 of the Dungeon)

   Str:       It affects your strength (+4).
   rPois:     It protects you from poison.
   rCorr:     It protects you from acid and corrosion.
   Drain:     It drains your maximum health when unequipped.
 h - a +1 helmet (worn)
 m - a +0 scale mail
 n - a +1 pair of boots (worn)
 p - a +2 robe of fire resistance
 r - a +2 troll leather armour (worn) {Pargi}
 K - a +0 robe of positive energy
Jewellery
 j - an amulet of the acrobat (around neck)
 l - a ring of willpower (left hand)
 s - a ring of resist corrosion
 C - a ring of wizardry
 G - an amulet of magic regeneration
 J - a +4 ring of protection (right hand)
Wands
 u - a wand of flame (17)
 x - a wand of digging (9)
 A - a wand of charming (11)
 H - a wand of iceblast (2)
Scrolls
 k - 4 scrolls of teleportation
 t - a scroll of blinking
 D - a scroll of fog
Potions
 d - 2 potions of mutation
 e - 4 potions of lignification
 f - 4 potions of brilliance
 g - 3 potions of might
 i - 3 potions of curing
 o - a potion of haste
 q - a potion of heal wounds
 w - 2 potions of ambrosia
 z - 2 potions of flight
 B - 2 potions of attraction


   Skills:
 + Level 6.0 Fighting
 + Level 8.1 Long Blades
 + Level 4.4 Armour
 + Level 5.0 Dodging
 + Level 9.0 Spellcasting
 + Level 3.5 Conjurations
 + Level 9.6 Fire Magic


You had 17 spell levels left.
You knew the following spells:

 Your Spells              Type           Power      Damage    Failure   Level
a - Foxfire               Conj/Fire      100%       2x1d9     1%          1
b - Scorch                Fire           70%        2d8       1%          2
c - Sticky Flame          Conj/Fire      26%        2d5       9%          4
d - Flame Wave            Conj/Fire      26%        2d6       9%          4

Your spell library contained the following spells:

 Spells                   Type           Power      Damage    Failure   Level
 Conjure Flame            Conj/Fire      26%        6-21      2%          3
 Inner Flame              Hex/Fire       21%        N/A       5%          3
 Ignite Poison            Fire/Tmut/Pois 16%        N/A       10%         3
 Animate Skeleton         Necr           12%        N/A       12%         1
 Pain                     Necr           24%        1d5       12%         1
 Summon Small Mammal      Summ           24%        N/A       12%         1
 Call Canine Familiar     Summ           6%         N/A       36%         3
 Portal Projectile        Hex/Tloc       12%        N/A       36%         3
 Summon Guardian Golem    Hex/Summ       6%         N/A       36%         3
 Vampiric Draining        Necr           6%         2d6       36%         3
 Airstrike                Air            3%         N/A       77%         4
 Leda's Liquefaction      Hex/Erth       3%         N/A       77%         4
 Summon Lightning Spire   Summ/Air       6%         N/A       77%         4
 Lightning Bolt           Conj/Air       6%         1d18      86%         5
 Summon Cactus Giant      Summ           3%         N/A       100%        6


Dungeon Overview and Level Annotations

Branches:
Dungeon (11/15)            Temple (0/1) D:7            Lair (0/6) D:9
  Sewer (visited)
    Orc: D:9-12

Altars:
Dithmenos
Fedhas
Gozag
Hepliaklqana
Nemelex Xobeh
Qazlal
Trog
Wu Jian
Yredelemnul
The Shining One

Shops:
D:8 :

Annotations:
D:8 2 transporters, ThreePoint314's ghost, novice DsCj
D:10 3 runed translucent doors, vineage's ghost, novice MiGl
D:11 Gastronok


Message History

You slash something!
Reactivating autopickup.
You feel a bit more experienced. The wraith hits you but does no damage.
The wraith hits you!
Gastronok's eyestalks quiver as he mumbles some strange words.
Gastronok puts on a burst of speed!
Your Dodging skill increases to level 5!
You completely miss the wraith.
The wraith is severely damaged.
The wraith misses you.
Gastronok gurgles.
The wraith hits you but does no damage.
You closely miss the wraith.
The wraith is severely damaged.
The wraith barely misses you.
Casting: Scorch (safe; 1% risk of failure)
Confirm with . or Enter, or press ? or * to list all spells.
Flames lash the quokka.
You kill the quokka!
The quokka's corpse disappears in a puff of smoke!
The wraith hits you but does no damage. The wraith hits you.
Unknown command.
Casting: Scorch (safe; 1% risk of failure)
Confirm with . or Enter, or press ? or * to list all spells.
Aiming: Sticky Flame (dangerous; 9% risk of failure)
Press: ? - help, Shift-Dir - straight line, f - wraith
Aim: a wraith (severely damaged, 100% to hit)
The sticky flame hits the wraith.
The wraith is almost destroyed.
You feel yourself speed up. The wraith hits you. The wraith drains your vigour!
You feel yourself slow down.
Gastronok waves his eye-stalks in wide circles.
The air twists around and strikes you!!
* * * LOW HITPOINT WARNING * * *
Unknown command.
The wraith misses you.
Gastronok waves his eye-stalks in wide circles.
The air twists around and strikes you!
You die...

#........ #.......#
#........ #.w.$D...
#Z###.... #D# . #.#
###############.#
####.....@.##...{Wr#
#..#.#####W##w######
##..#.# #Z##Z#
#...#.# #.##r#
##.<#.# #w##W#
##.##.# #.##.#
#..)..# #.##.#
####### #...Z#
######


You could see Gastronok (swift), a wraith and a centaur warrior zombie.

Vanquished Creatures
  A hydra (D:11)
  A two-headed ogre (D:8)
  Pikel (D:6)
  A kobold demonologist (D:10)
  2 unseen horrors
  Psyche (D:8)
  A hornet (D:6)
  Grinder (D:6)
  A wraith (D:10)
  8 yaks
  2 wyverns (D:9)
  A basilisk (D:9)
  3 steam dragons
  An acid dragon (D:9)
  Duvessa (D:4)
  2 water moccasins (D:9)
  Pargi (Sewer)
  3 orc warriors
  An ice beast (D:7)
  4 black bears
  A necrophage (D:6)
  2 wolves (D:9)
  5 centaurs
  3 ogres
  A phantom (D:6)
  2 gnoll sergeants (D:6)
  4 kobold brigands
  4 bullfrogs
  4 scorpions
  Dowan (D:4)
  3 wights (D:9)
  4 howler monkeys
  2 electric eels (D:10)
  2 centaur zombies
  2 bullfrog zombies (D:5)
  3 orc priests
  2 hounds
  3 centaur skeletons
  2 gnoll shamans (D:7)
  Jessica (D:3)
  A bullfrog skeleton (D:4)
  Terence (D:2)
  Natasha (thrice) (D:4)
  6 iguanas
  8 orc wizards
  Robin (D:2)
  2 howler monkey zombies
  7 adders
  14 gnolls
  A shadow imp (D:6)
  2 white imps
  A worm (D:3)
  5 dart slugs
  21 orcs
  9 bats
  8 endoplasms
  7 giant cockroaches
  20 goblins
  7 hobgoblins
  3 jackals
  3 quokkas
  10 ball pythons
  A ball python zombie (D:3)
  6 frilled lizards
  17 kobolds
  11 rats
  4 bushes (D:9)
267 creatures vanquished.

Vanquished Creatures (others)
  A water moccasin (D:8)
  222 foxfires
  4 fungi (D:9)
  28 plants
255 creatures vanquished.

Grand Total: 522 creatures vanquished

Notes
Turn   | Place    | Note
-------+----------+-------------------------------------------
     0 | D:1      | funkygono the Human Cinder Acolyte began the quest for the
                  | Orb.
     0 | D:1      | Reached XP level 1. HP: 18/18 MP: 2/2
    20 | D:1      | Found a faded altar of an unknown god.
   227 | D:1      | Reached XP level 2. HP: 23/24 MP: 3/3
   230 | D:1      | Learned a level 2 spell: Scorch
   706 | D:1      | Reached XP level 3. HP: 25/29 MP: 1/4
  1407 | D:2      | Noticed Robin
  1718 | D:1      | Reached XP level 4. HP: 11/35 MP: 6/6
  2035 | D:2      | Killed Robin
  2131 | D:2      | Noticed Terence
  2134 | D:2      | Killed Terence
  2241 | D:2      | Reached XP level 5. HP: 41/41 MP: 5/8
  2397 | D:2      | Reached skill level 1 in Dodging
  3073 | D:3      | Noticed Jessica
  3086 | D:3      | Killed Jessica
  3694 | D:3      | Found a basalt altar of Yredelemnul.
  3768 | D:3      | Reached XP level 6. HP: 47/47 MP: 4/9
  3828 | D:3      | Reached skill level 1 in Armour
  4241 | D:4      | Found a stormy altar of Qazlal.
  4456 | D:4      | Noticed Dowan
  4457 | D:4      | Noticed Duvessa
  4485 | D:4      | Killed Duvessa
  4486 | D:4      | Reached XP level 7. HP: 19/52 MP: 2/12
  4825 | D:4      | Killed Dowan
  5268 | D:4      | Noticed Natasha
  5272 | D:4      | Killed Natasha
  5278 | D:4      | Reached skill level 5 in Fire Magic
  5529 | D:4      | Noticed Natasha
  5534 | D:4      | Killed Natasha
  5703 | D:4      | Noticed Natasha
  5706 | D:4      | Killed Natasha
  5755 | D:5      | Entered Level 5 of the Dungeon
  5764 | D:5      | Found a glowing drain.
  5765 | D:5      | Identified the +3 leather armour of Mifounorph {Drain rPois
                  | rCorr Str+4}
  5805 | D:5      | Reached XP level 8. HP: 50/58 MP: 6/14
  5818 | Sewer    | Entered a sewer
  5914 | Sewer    | Noticed Pargi
  5921 | Sewer    | Killed Pargi
  6122 | D:5      | Reached skill level 5 in Spellcasting
  6264 | D:5      | Found a blossoming altar of Fedhas.
  7160 | D:6      | Reached skill level 5 in Long Blades
  7299 | D:6      | Noticed a hornet
  7304 | D:6      | Killed a hornet
  7305 | D:6      | Reached XP level 9. HP: 65/65 MP: 8/17
  7541 | D:6      | Noticed Pikel
  7582 | D:6      | Killed Pikel
  7768 | D:6      | Noticed Grinder
  7773 | D:6      | Killed Grinder
  8274 | D:6      | Found a sparkling altar of Nemelex Xobeh.
  8284 | D:6      | Reached XP level 10. HP: 59/73 MP: 20/20
  8380 | D:6      | Learned a level 1 spell: Foxfire
  8385 | D:6      | Learned a level 4 spell: Sticky Flame
  8390 | D:6      | Learned a level 4 spell: Flame Wave
  8508 | D:7      | Found a glowing golden altar of the Shining One.
  8727 | D:7      | Reached skill level 5 in Fighting
  9051 | D:7      | Reached skill level 1 in Conjurations
  9164 | D:7      | Found a staircase to the Ecumenical Temple.
  9439 | D:8      | Noticed a two-headed ogre
  9447 | D:8      | Killed a two-headed ogre
  9493 | D:8      | Found an opulent altar of Gozag.
  9536 | D:8      | Found a bloodstained altar of Trog.
  9536 | D:8      | Noticed ThreePoint314's ghost (novice DsCj)
  9536 | D:8      | Noticed a moth of wrath
  9538 | D:8      | Noticed a two-headed ogre
  9556 | D:8      | You fall into a shaft and drop 1 floor!
  9597 | D:8      | Found a transporter.
  9597 | D:8      | Found a transporter.
  9633 | D:8      | Noticed Psyche
  9637 | D:8      | Killed Psyche
  9684 | D:8      | Found Qioliv's Book Boutique.
  9961 | D:8      | Found a hazy altar of Hepliaklqana.
 10558 | D:9      | Found an ornate altar of the Wu Jian Council.
 10625 | D:9      | Reached XP level 11. HP: 30/80 MP: 12/23
 11002 | D:9      | Found a shadowy altar of Dithmenos.
 11107 | D:9      | Found a staircase to the Lair.
 11744 | D:10     | Entered Level 10 of the Dungeon
 12775 | D:10     | Noticed a nine-headed hydra
 12776 | D:10     | Found a runed translucent gate.
 12777 | D:10     | Found a runed translucent gate.
 12777 | D:10     | Noticed vineage's ghost (novice MiGl)
 12777 | D:10     | Noticed a nine-headed hydra
 12867 | D:10     | Found a runed translucent gate.
 13125 | D:11     | Noticed Gastronok
 13128 | D:11     | Noticed an eight-headed hydra
 13150 | D:11     | Killed a nine-headed hydra
 13179 | D:11     | Reached skill level 5 in Dodging
 13185 | D:11     | Killed from afar by Gastronok

Illustrated notes

Levels and vault maps discovered:
D:1:      amcnicky_arrival_underground_garden, layout_basic,
          hellmonk_ecumenical_altar_heavens_door
D:2:      layout_loops_cross, uniq_terence, uniq_robin
D:3:      layout_loops_cross, lemuel_round_altar, minmay_circle_x, uniq_jessica
D:4:      layout_basic, mainiacjoe_overflow_six_doors_small, uniq_duvessa,
          uniq_natasha
D:5:      layout_gridville, mainiacjoe_overflow_24_doors, gup_sewer_entry_glass
D:6:      minmay_recursive_quarters, layout_loops_cross,
          nemelex_dance_club_becter, uniq_pikel, uniq_grinder
D:7:      layout_gridville, tso_metal_star, minmay_temple_entry_grid,
          minivault_23
D:8:      layout_loops_cross, nicolae_gozag_seed_capital,
          nicolae_hepliaklqana_hippocampus, gammafunk_ghost_wrathful_warriors,
          serial_shops, nicolae_lakefront_shop, uniq_psyche
D:9:      layout_cave_pods, kennysheep_little_box, general_overflow_altar,
          minmay_lair_entry_grove
D:10:     layout_basic, gammafunk_ghost_hydra_chop
D:11:     layout_basic, erik_orc_2, uniq_gastronok

Skill      XL: |  1  2  3  4  5  6  7  8  9 10 11 |
---------------+----------------------------------+-----
Spellcasting   | 2 3 4 5 7 8 9 |  9.0
Dodging        | 1 2 3 5 |  5.0
Fire Magic     | 4 5 6 7 8 9 |  9.6
Long Blades    | 4 5 7 8 |  8.1
Armour         | 1 2 3 4 |  4.4
Fighting       | 4 5 6 |  6.0
Conjurations   | 2 3 |  3.5

Action                   |  1- 3 |  4- 6 |  7- 9 | 10-12 || total
-------------------------+-------+-------+-------+-------++-------
Melee: Falchion          |    55 |   103 |   185 |   162 ||   505
       Punch             |     1 |     2 |     4 |     6 ||    13
       Scimitar          |       |       |       |   199 ||   199
 Cast: Scorch            |    16 |    49 |    80 |    44 ||   189
       Foxfire           |       |       |       |   130 ||   130
       Sticky Flame      |       |       |       |     8 ||     8
       Flame Wave        |       |       |       |     8 ||     8
Invok: Fiery Armour      |       |     1 |     3 |     2 ||     6
  Use: Scroll            |       |     9 |     7 |    13 ||    29
       Potion            |       |       |       |     3 ||     3
 Stab: Sleeping          |     1 |       |       |       ||     1
Armor: Robe              |    19 |     1 |       |       ||    20
       Chain mail        |       |    18 |       |       ||    18
       Scale mail        |       |    32 |     8 |       ||    40
       Leather armour    |       |       |    17 |       ||    17
       Troll leather arm |       |       |    68 |   191 ||   259
Dodge: Dodged            |    42 |    59 |   112 |   306 ||   519

Table legend: (Time is in decaauts)
 A = Elapsed time spent in this place.
 B = Non-inter-level travel time spent in this place.
 C = Inter-level travel time spent in this place.
 D = Time resting spent in this place.
 E = Time spent auto-exploring this place.
 F = Levels seen in this place.
 G = Mean time per level.
                   A        B        C        D        E       F      G
               +--------+--------+--------+--------+--------+-----+--------+
         Total |  13261 |  13068 |    193 |    964 |   9321 |  12 | 1105.1 |
       Dungeon |  13043 |  12850 |    193 |    964 |   9142 |  11 | 1185.7 |
         Sewer |    218 |    218 |      0 |      0 |    179 |   1 |  218.0 |
               +--------+--------+--------+--------+--------+-----+--------+

Top non-repeatable levels by time:
     D:1: 2023 daAuts
     D:3: 1528 daAuts
     D:9: 1431 daAuts
    D:10: 1364 daAuts
     D:6: 1337 daAuts
     D:4: 1203 daAuts
     D:5: 1108 daAuts
     D:7: 1037 daAuts
     D:2: 1025 daAuts
     D:8: 873 daAuts
   Sewer: 218 daAuts
    D:11: 110 daAuts
